 Dungeon Crawl Stone Soup version 0.29.0-11-gd7f09526c8 (webtiles) character file.

Game seed: 17085934232411088444

69 sentinel the Stinger (level 4, -2/33 HPs)
             Began as a Meteoran Venom Mage on Sept 2, 2022.
             Was an Initiate of Ashenzari.
             Killed by divine providence
             ... invoked by an orc priest
              (11 damage)
             ... on level 6 of the Dungeon.
             The game lasted 00:04:39 (581 turns).

sentinel the Stinger (Meteoran Venom Mage)           Turns: 581, Time: 00:04:39

Health: -2/33      AC:  3    Str: 10    XL:     4   Next: 70%
Magic:  6/9        EV: 12    Int: 18    God:    Ashenzari [......]
Gold:   0          SH:  0    Dex: 14    Spells: 4/9 levels left

rFire   . . .      SeeInvis .   g - +1 dagger (flame)
rCold   . . .      Faith    .   (no shield)
rNeg    . . .      Spirit   .   a - +0 robe
rPois   .          Reflect  .   i - +0 helmet
rElec   .          Harm     .   (no cloak)
rCorr   .          Rampage  .   (no gloves)
Will    .....                   (no boots)
Stlth   +.........              (no amulet)
HPRegen 0.11/turn               (no ring)
MPRegen 0.11/turn               (no ring)

@: glowing
A: sense surroundings 1, otherworldly, glowing, explore regen
a: Renounce Religion


You were on level 6 of the Dungeon.
You worshipped Ashenzari.
Ashenzari was noncommittal.
You visited 2 branches of the dungeon, and saw 7 of its levels.

Inventory:

Hand Weapons
 e - a +0 dagger
 g - a +1 dagger of flaming (weapon)
 k - a +1 vampiric hand axe
Missiles
 h - 4 boomerangs
Armour
 a - a +0 robe (worn)
 c - a +0 leather armour
 i - a +0 helmet (worn)
Scrolls
 f - 2 scrolls of immolation
 r - 2 scrolls of identify
Potions
 b - 2 potions of magic
 d - 2 potions of curing {unknown}
 j - a potion of heal wounds {unknown}


   Skills:
 - Level 2.4 Dodging
 - Level 1.4 Stealth
 + Level 3.1 Spellcasting
 - Level 1.2 Transmutations
 + Level 5.7 Poison Magic


You had 4 spell levels left.
You knew the following spells:

 Your Spells              Type           Power      Damage    Failure   Level
a - Sting                 Tmut/Pois      60%        1d6       3%          1
t - Olgreb's Toxic Radia  Pois           23%        N/A       16%         4

Your spell library contained the following spells:

 Spells                   Type           Power      Damage    Failure   Level
 Poisonous Vapours        Pois/Air       26%        N/A       8%          2
 Mephitic Cloud           Conj/Pois/Air  9%         N/A       22%         3


Dungeon Overview and Level Annotations

Branches:
Dungeon (6/15) Zot: 3083   Temple (1/1) D:5 Zot: 531

Altars:
Ashenzari
Dithmenos
Elyvilon
Fedhas
Gozag
Kikubaaqudgha
Makhleb
Nemelex Xobeh
Okawaru
Qazlal
Ru
Sif Muna
Trog
Uskayaw
Vehumet
Wu Jian
Xom
Yredelemnul
Zin
The Shining One


Innate Abilities, Weirdness & Mutations

You passively map a small area around you.
You are easily found by Zot.
You glow in the dark.
You regain HP and MP as you explore.


Message History

You finish putting on your +0 robe.
Things that are here:
a +0 club; 5 stones Unknown command.
You enter the shallow water.
Moving in this stuff is going to be slow.
Found a robe.
You open the door.
Found a stone staircase leading down.
There is an open door here.
There is a stone staircase leading down here.
You climb downwards.
There is a stone staircase leading up here.
The sting hits the hobgoblin but does no damage.
The hobgoblin is poisoned.
The hobgoblin shouts!
The hobgoblin barely misses you.
The sting hits the hobgoblin.
The hobgoblin looks even sicker.
The hobgoblin is severely wounded.
You kill the hobgoblin!
You see here a hobgoblin corpse.
Magic restored.
Found a chain mail.
Found 8 gold pieces.
Found a stone staircase leading down.
There is a stone staircase leading down here.
Okay, then.
You climb downwards.
There is a stone staircase leading up here.
Found a staircase to the Ecumenical Temple.
There is a staircase to the Ecumenical Temple here.
You climb downwards.
Welcome to the Ecumenical Temple!
Found five altars.
There is a staircase back to the Dungeon here.
Found a sacrificial altar of Ru.
Found an ancient bone altar of Kikubaaqudgha and a basalt altar of Yredelemnul.
There is a sacrificial altar of Ru here.
Found an ornate altar of the Wu Jian Council.
There is an ancient bone altar of Kikubaaqudgha here.
Found a shimmering blue altar of Sif Muna.
Found a shadowy altar of Dithmenos.
There is an ornate altar of the Wu Jian Council here.
Found a broken altar of Ashenzari.
Found an opulent altar of Gozag.
Found a radiant altar of Vehumet.
You enter the shallow water.
Moving in this stuff is going to be slow.
Found a glowing silver altar of Zin.
Found a blossoming altar of Fedhas.
Found a burning altar of Makhleb.
Found an iron altar of Okawaru.
You enter the shallow water.
Moving in this stuff is going to be slow.
There is an iron altar of Okawaru here.
Found a stormy altar of Qazlal.
You enter the shallow water.
Moving in this stuff is going to be slow.
Found a shimmering altar of Xom.
You enter the shallow water.
Moving in this stuff is going to be slow.
There is a bloodstained altar of Trog here.
There is a broken altar of Ashenzari here.
You kneel at the altar of Ashenzari.
Ashenzari welcomes you!
Ashenzari warns you of distant threats and treasures.
Ashenzari reveals the structure of the dungeon to you.
Ashenzari shows you where magical portals lie.
You enter the shallow water.
Moving in this stuff is going to be slow.
There is a staircase back to the Dungeon here.
You climb upwards.
Welcome back to the Dungeon!
There is a staircase to the Ecumenical Temple here.
Found a scale mail.
Found 10 gold pieces.
You see here 10 gold pieces.
An orc comes into view. It is wielding a +1 vampiric hand axe.
Found a scroll of identify.
The orc shouts!
An orc is nearby!
You can't see any susceptible monsters within range! (Use Z to cast anyway.)
You can't see any susceptible monsters within range! (Use Z to cast anyway.)
The sting hits the orc.
The orc is poisoned.
The orc is moderately wounded.
The sting hits the orc.
The orc looks even sicker.
The orc is almost dead.
You kill the orc!
j - a coppery potion
Things that are here:
a +1 vampiric hand axe; an orc corpse
k - a +1 vampiric hand axe
r - 2 scrolls of identify (gained 1)
You open the door.
Found 13 gold pieces.
Found an escape hatch in the floor.
Found two stone staircases leading down.
An iguana comes into view.
The iguana hisses angrily.
The iguana bites you.
There is an open door, spattered with blood here.
Casting: Sting (safe; 4% risk of failure)
Confirm with . or Enter, or press ? or * to list all spells.
You begin to radiate toxic energy.
The iguana is poisoned.
The iguana bites you! The iguana attacks as you move away!
The iguana bites you!
* * * LOW HITPOINT WARNING * * *
Your toxic aura wanes.
Casting: Olgreb's Toxic Radiance (extremely dangerous; 19% risk of failure)
Confirm with . or Enter, or press ? or * to list all spells.
You begin to radiate toxic energy.
The iguana bites you!
* * * LOW HITPOINT WARNING * * *
HP warning!
Your toxic aura wanes.
HP warning!
Press: ? - help, v - describe, . - travel
Here: an iguana (almost dead, poisoned)
A stone staircase leading down.
Unknown command.
You hit the iguana but do no damage.
The iguana is almost dead.
The iguana bites you.
* * * LOW HITPOINT WARNING * * *
HP warning!
Casting: Olgreb's Toxic Radiance (extremely dangerous; 19% risk of failure)
Confirm with . or Enter, or press ? or * to list all spells.
Aiming: Sting (safe; 4% risk of failure)
Press: ? - help, Shift-Dir - straight line, f - iguana
Aim: an iguana (almost dead, poisoned, 75% to hit)
The sting misses the iguana.
The iguana bites you but does no damage.
HP warning!
Casting: Sting (safe; 4% risk of failure)
Confirm with . or Enter, or press ? or * to list all spells.
Aiming: Sting (safe; 4% risk of failure)
Press: ? - help, Shift-Dir - straight line, f/p - iguana
Aim: an iguana (almost dead, poisoned, 75% to hit)
The sting hits the iguana.
The iguana looks even sicker.
You kill the iguana!
Your Spellcasting skill increases to level 3!
HP warning!
HP warning!
HP warning!
HP warning!
HP warning!
HP warning!
HP warning!
You open the door.
There is a stone staircase leading down here.
You climb downwards.
There is a stone staircase leading up here.
The orc priest shouts!
You hear a shout!
The orc priest calls down the wrath of Beogh upon you.
Beogh smites you!
You die...

** * * *
* , , *
* ,, ,
,,, ###
* * *
,#.##.#
* ,
#@...# ,
,,#.####
+.. , *
, #.##
,#.# **
,, ,
*... ,
,o.. * ,
* ... *


You could see an orc priest.

Vanquished Creatures
  An iguana (D:5)
  Robin (D:3)
  A worm (D:2)
  An orc (D:5)
  3 endoplasms
  8 goblins
  4 hobgoblins
  4 jackals (D:1)
  3 kobolds
  A rat (D:1)
27 creatures vanquished.

Notes
Turn   | Place    | Note
-------+----------+-------------------------------------------
     0 | D:1      | sentinel the Meteoran Venom Mage began the quest for the
                  | Orb.
     0 | D:1      | Reached XP level 1. HP: 14/14 MP: 5/5
    40 | D:1      | Found a faded altar of an unknown god.
    99 | D:1      | Reached skill level 4 in Poison Magic
   116 | D:1      | Reached XP level 2. HP: 20/20 MP: 3/6
   185 | D:2      | Reached XP level 3. HP: 23/26 MP: 4/8
   302 | D:3      | Reached skill level 5 in Poison Magic
   311 | D:3      | Noticed Robin
   329 | D:3      | Killed Robin
   366 | D:3      | Reached XP level 4. HP: 33/33 MP: 6/9
   371 | D:3      | Learned a level 4 spell: Olgreb's Toxic Radiance
   424 | D:5      | Entered Level 5 of the Dungeon
   428 | D:5      | Found a staircase to the Ecumenical Temple.
   433 | Temple   | Entered the Ecumenical Temple
   490 | Temple   | Became a worshipper of Ashenzari the Shackled
   564 | D:5      | HP: 1/33 [iguana (2)]
   581 | D:6      | Killed from afar by an orc priest

Illustrated notes

Levels and vault maps discovered:
D:1:      grunt_arrival_crossed_arrows, layout_basic, serial_co_window_serial,
          co_window_paths_b, co_window_corner_a, co_window_corner_a,
          co_window_paths_a, co_window_of_opportunity_a, co_window_cross_1,
          co_window_corner_a, co_window_corner_a, co_window_of_opportunity_a,
          co_window_of_opportunity_b, co_window_2corner, co_window_broadway_c,
          co_window_broadway_c, co_window_paths_d, glass_columns_a,
          glass_columns_a, dreamdust_ecumenical_altar_grove, st_stairs_14
D:2:      layout_basic
D:3:      layout_basic, portal_sewer_entry_a, ebering_ghost_reflecting_pool,
          serial_rivers, chequers_serial_rivers_small_3,
          chequers_serial_rivers_small_a, chequers_serial_rivers_micro_a,
          chequers_serial_rivers_small_b, chequers_serial_rivers_small_a,
          chequers_serial_rivers_small_b, minmay_fractal_squares_diagonal_5,
          uniq_jessica, uniq_natasha, uniq_robin, uniq_grinder
D:4:      layout_basic, gammafunk_ghost_nasty_kobolds, corexii_hall_statues_l,
          uniq_menkaure
D:5:      lemuel_insect_pit, layout_basic, minmay_temple_entry_wispy,
          grunt_decor_mini_mirrors, chequers_big_river, hex_medium
D:6:      layout_basic, minivault_24, uniq_duvessa, uniq_maggie,
          uniq_blork_the_orc, uniq_prince_ribbit1
Temple:   nicolae_temple_bog_church

Skill      XL: |  1  2  3  4 |
---------------+-------------+-----
Poison Magic   | 4 5 |  5.7
Spellcasting   | 3 |  3.1
Dodging        | |  2.4
Stealth        | |  1.4
Transmutations | |  1.2

Action                   |  1- 3 |  4- 6 || total
-------------------------+-------+-------++-------
Melee: Unarmed           |     2 |       ||     2
       Dagger            |     3 |     1 ||     4
 Cast: Sting             |    46 |     6 ||    52
       Olgreb's Toxic Ra |       |     2 ||     2
  Use: Scroll            |     2 |       ||     2
Armor: Robe              |     2 |     1 ||     3
Dodge: Dodged            |    10 |     1 ||    11
